Map: Traitor's Exile

Players

SwarmRA - Winner!

  • Race: Zerg Zerg
  • League: Diamond
  • Spawn Location: 6:00

Infamous - Winner!

  • Race: Protoss Protoss
  • League: Silver
  • Spawn Location: 5:00

GetRekt

  • Race: Zerg Zerg
  • Spawn Location: 9:00

bigmangun

  • Race: Protoss Protoss
  • League: Gold
  • Spawn Location: 12:00

VOD

Have the link to the VOD?

Description

Time

  • Played on: March 19, 2018, 11:28 a.m.
  • Length: 9:12
Show
View Real Time Build Order
Export as new Build Order

SwarmRA Zerg - Winner!

Build Orders: Hatch First 

Get SALT Encoding   

  12  0:01  Drone  
  13  0:09  Drone  
  14  0:17  Overlord  
  14  0:36  Drone x3  
  17  0:47  Drone  
  18  0:58  Hatchery  
  18  1:01  Drone  
  18  1:04  Extractor  
  17  1:17  Spawning Pool  
  16  1:20  Drone  
  16  1:23  Drone  
  18  1:30  Drone  
  19  1:42  Drone  
  20  1:51  Overlord  
  20  2:05  Queen  
  22  2:10  Queen  
  22  2:11  Zergling x4  
  22  2:14  Metabolic Boost  
  26  2:16  Drone  
  27  2:23  Drone  
  27  2:24  Drone  
  29  2:32  Drone  
  30  2:40  Drone  
  31  3:04  Drone x4  
  34  3:18  Zergling x4  
  35  3:20  Overlord x3  
  35  3:21  Overlord  
  36  3:34  Drone  
  36  3:46  Spore Crawler  
  35  3:49  Spore Crawler  
  35  3:53  Drone, Lair  
  35  3:54  Drone x4, Evolution Chamber  
  38  3:57  Evolution Chamber  
  37  4:09  Drone x2  
  39  4:13  Drone  
  40  4:18  Extractor  
  40  4:20  Roach Warren  
  40  4:22  Drone x2, Spore Crawler  
  39  4:25  Drone, Spore Crawler  
  39  4:26  Drone x2  
  39  4:28  Drone x2  
  39  4:30  Drone x2  
  45  4:39  Drone x2  
  47  4:46  Drone  
  47  4:49  Hatchery  
  47  4:50  Drone, Extractor  
  47  4:51  Extractor  
  46  5:03  Zerg Ground Armor Level 1, Zerg Missile Weapons Level 1  
  46  5:05  Roach x4  
  54  5:09  Zergling x2  
  54  5:10  Roach  
  54  5:13  Roach  
  59  5:23  Roach  
  59  5:24  Roach x2  
  59  5:25  Overlord  
  59  5:26  Overlord  
  65  5:36  Roach  
  67  5:45  Roach  
  67  5:46  Roach x2  
  73  5:57  Roach  
  73  5:58  Roach  
  73  6:02  Drone  
  73  6:03  Drone  
  73  6:04  Roach  
  81  6:05  Queen  
  81  6:08  Roach  
  85  6:14  Hydralisk Den  
  84  6:20  Roach x3  
  84  6:22  Overlord x4  
  90  6:43  Zergling x12  
  90  6:46  Zergling x2  
  90  6:47  Zergling x2  
  98  6:48  Grooved Spines  
  98  6:54  Lurker Den  
  98  6:57  Zergling x12  
  103  7:03  Zergling x6  
  106  7:12  Zergling x6  
  99  7:18  Hydralisk x2  
  99  7:21  Hydralisk  
  102  7:27  Drone  
  102  7:41  Zergling x2  
  102  7:42  Zergling x6  
  104  7:46  Drone  
  105  7:59  Muscular Augments  
  103  8:11  Hydralisk x2  
  103  8:12  Hydralisk x3  
  110  8:22  Overseer  
  110  8:23  Overseer  
  110  8:31  Hydralisk  
  112  8:34  Drone  
  112  8:35  Drone x8  
  112  8:36  Overlord x3  
  120  8:54  Lurker x2  
Show
View Real Time Build Order
Export as new Build Order

Infamous Protoss - Winner!

Build Orders:  

Get SALT Encoding   

  12  0:41  Probe  
  13  0:51  Pylon  
  13  0:59  Assimilator  
  13  1:02  Probe  
  14  1:09  Gateway  
  14  1:22  Probe (Chrono Boost)  
  16  1:32  Probe (Chrono Boost)  
  16  1:33  Pylon  
  16  1:41  Probe (Chrono Boost)  
  17  1:58  Pylon  
  17  2:00  Cybernetics Core  
  17  2:02  Nexus  
  17  2:13  Probe (Chrono Boost)  
  19  2:23  Probe (Chrono Boost), Pylon  
  19  2:24  Zealot  
  21  2:31  Warp Gate (Chrono Boost)  
  21  2:32  Assimilator  
  21  3:02  Gateway  
  21  3:04  Gateway  
  21  3:08  Pylon  
  21  3:12  Probe  
  22  3:23  Robotics Facility  
  22  3:24  Probe  
  23  3:29  Probe  
  24  3:35  Sentry  
  26  3:57  Gateway  
  26  3:59  Probe  
  26  4:00  Probe  
  28  4:04  Shield Battery  
  28  4:10  Observer (Chrono Boost)  
  29  4:18  Probe x2  
  31  4:28  Forge  
  31  4:30  Probe  
  31  4:31  Probe  
  33  4:37  Pylon  
  33  4:44  Probe x2, Pylon  
  33  4:45  Pylon  
  35  4:49  Pylon, Stalker  
  35  4:52  Sentry  
  39  4:58  Protoss Ground Weapons Level 1 (Chrono Boost)  
  39  4:59  Probe  
  41  5:00  Probe  
  41  5:27  Stalker  
  43  5:36  Stalker  
  45  5:43  Probe x2, Assimilator  
  45  5:47  Assimilator  
  47  5:56  Stalker  
  47  5:57  Zealot  
  47  5:58  Zealot  
  51  6:21  Stalker  
  51  6:24  Zealot x2  
  57  6:31  Probe  
  57  6:32  Probe  
  59  6:41  Gateway  
  59  6:43  Probe  
  59  6:44  Probe, Gateway  
  59  6:46  Gateway  
  61  6:49  Forge  
  61  6:52  Shield Battery  
  61  6:54  Photon Cannon, Shield Battery  
  61  6:55  Probe  
  61  6:56  Photon Cannon  
  61  7:00  Immortal (Chrono Boost)  
  66  7:09  Twilight Council  
  66  7:17  Stalker  
  66  7:18  Stalker x2  
  72  7:33  Warp Prism (Chrono Boost)  
  72  7:55  Stalker x2  
  76  8:07  Stalker  
  76  8:08  Stalker  
  76  8:10  Zealot x2  
  82  8:27  Stalker x2  
  86  8:34  Zealot  
  86  8:35  Zealot x3  
Show
View Real Time Build Order
Export as new Build Order

GetRekt Zerg 

Build Orders: Pool First 

Get SALT Encoding   

  12  0:02  Drone  
  13  0:12  Drone  
  14  0:18  Overlord  
  14  0:38  Spawning Pool  
  13  1:03  Drone x3  
  16  1:06  Extractor  
  15  1:23  Drone  
  16  1:40  Drone  
  16  1:41  Drone  
  16  1:44  Queen  
  20  2:15  Drone x2  
  22  2:17  Overlord  
  22  2:21  Extractor  
  21  2:34  Zergling x2  
  21  2:36  Lair  
  22  2:48  Spine Crawler  
  21  2:53  Zergling x4, Spine Crawler  
  22  3:25  Drone x3  
  25  3:36  Zergling x2  
  26  3:42  Hatchery  
  26  3:46  Infestation Pit  
  24  3:54  Hydralisk Den  
  23  4:22  Drone x3  
  26  4:46  Drone x2  
  28  4:58  Muscular Augments  
  28  5:07  Hydralisk x4  
  36  5:21  Overlord  
  36  5:23  Hive  
  36  5:25  Overlord  
  36  5:26  Overlord x2  
  36  5:39  Queen  
  38  5:43  Drone x3  
  41  6:12  Hydralisk x2  
  41  6:13  Hydralisk x3  
  51  6:20  Hydralisk  
  53  6:28  Drone x2  
  53  6:29  Drone  
  56  6:33  Extractor  
  56  6:36  Extractor  
  38  7:20  Spire  
  23  7:40  Zergling x6  
  23  7:41  Zergling x10  
  23  7:42  Zergling x2  
  26  8:08  Zergling x4  
Show
View Real Time Build Order
Export as new Build Order

bigmangun Protoss 

Build Orders:  

Get SALT Encoding   

  12  0:01  Probe (Chrono Boost)  
  13  0:12  Probe (Chrono Boost)  
  14  0:16  Probe (Chrono Boost)  
  15  0:29  Pylon  
  15  0:35  Assimilator  
  15  0:47  Probe  
  15  0:49  Gateway  
  16  0:59  Probe  
  16  1:03  Assimilator  
  17  1:11  Probe (Chrono Boost)  
  17  1:13  Forge  
  18  1:23  Probe (Chrono Boost)  
  19  1:29  Probe (Chrono Boost)  
  20  1:33  Pylon  
  20  1:45  Cybernetics Core  
  20  1:52  Zealot  
  22  2:05  Pylon  
  22  2:19  Gateway  
  22  2:21  Warp Gate (Chrono Boost)  
  22  2:32  Twilight Council  
  22  2:36  Zealot  
  24  2:55  Gateway  
  24  3:12  Pylon  
  24  3:19  Charge (Chrono Boost)  
  24  3:27  Zealot  
  24  3:28  Zealot  
  28  3:38  Gateway  
  28  3:44  Pylon  
  28  3:54  Protoss Shields Level 1  
  28  4:34  Zealot  
  28  4:35  Zealot x3  
  36  5:12  Pylon  
  36  5:13  Pylon  
  36  5:19  Zealot x4  
  44  5:40  Zealot  
  44  5:41  Zealot x2  
  50  5:58  Stalker  
  28  6:37  Stalker x2  
  28  6:38  Stalker x2  
  27  6:54  Dark Shrine  
  27  7:12  Stalker x2  
  19  8:08  Dark Templar x3  
  19  8:09  Dark Templar  
  27  8:43  Dark Templar  
  27  8:44  Dark Templar x3  
Tags
 
Add a new tag
Caveats
  • Supply blocks, unpowered buildings, or Contaminate may cause inaccurate times.
  • Supply counts are checked every 10 seconds.